AoeStats
← ThunderboltX

Arabian Desert

509453759Analyzed
1v1 RM · 6d ago on Sep 26, 2026· 39m 44s· 2 players
Game mode
Random Map
Map size
Tiny (2 player)
Population
200
Speed
Normal
Resources
Standard
Victory
Conquest
Starting age
Dark Age
Ending age
Imperial Age
RankedLock teamsTeams togetherTeam positionsShared explorationLock speedFull tech treeHidden civsTurbo modeCheats
Victory
Defeat
🇹🇷 Persians · Türkiye
2522
+11
🇧🇬 Inca · Bulgaria
2417
-11
ThunderboltX
6:09 Loom
8:26 Feudal Age
9:16 Double-Bit Axe
10:42 Champi Runner
17:30 Scale Mail Armor
18:36 Forging
26:01 Castle Age
24:48 Horse Collar
26:02 Arson
26:02 Champi Warrior
26:44 Squires
27:35 Chain Mail Armor
34:52 Bow Saw
36:07 Arson
37:21 Wheelbarrow
KASVA
5:54 Loom
6:48 Loom
10:17 Feudal Age
10:14 Man-at-Arms
14:24 Double-Bit Axe
15:27 Fletching
18:24 Padded Archer Armor
18:56 Horse Collar
20:03 Arson
26:05 Castle Age
25:21 Bloodlines
25:39 Scale Barding Armor
26:03 Forging
25:56 Crossbowman
26:46 Bodkin Arrow
27:12 Gold Mining
28:36 Bow Saw
28:27 Heavy Plow
29:43 Husbandry
30:36 Chain Barding Armor
33:01 Thumb Ring
33:57 Light Cavalry
35:12 Ballistics
35:46 Wheelbarrow
36:27 Gold Shaft Mining
Connection lost

Rejoining the realm…

Still unreachable

The connection could not be restored.

Session expired

The server has moved on; the page needs a fresh start.